 Dungeon Crawl Stone Soup version 0.29.1-1-gd02db6906a (webtiles) character file.

Game seed: 8492930106598638186

8194 RatsInWalls the Basher (level 11, -2/121 (124) HPs)
             Began as a Troll Chaos Knight on Oct 21, 2022.
             Was a Plaything of Xom.
             Slain by a two-headed ogre
             ... wielding a +0 giant club
              (6 damage)
             ... on level 10 of the Dungeon.
             The game lasted 00:17:38 (7740 turns).

RatsInWalls the Basher (Troll Chaos Knight)         Turns: 7740, Time: 00:17:39

HP:   -2/121 (124)  AC: 13    Str: 26    XL:     11   Next: 6%
MP:   10/10         EV: 11    Int:  8    God:    Xom [...*..]
Gold: 519           SH:  0    Dex:  9    Spells: 10/10 levels left

rFire   + . .      SeeInvis .   L - +5 morningstar (freeze)
rCold   . . .      Faith    .   (no shield)
rNeg    . . .      Spirit   .   b - +2 robe
rPois   +          Reflect  .   (helmet restricted)
rElec   .          Harm     .   J - +2 cloak
rCorr   .          Rampage  .   (gloves unavailable)
Will    .....                   (boots unavailable)
Stlth   +.........              Q - amulet of regeneration
HPRegen 1.90/turn               q - +4 ring of protection
MPRegen 0.12/turn               S - ring of flight

@: flying, studying Ice Magic, lightly drained
A: large, unfitting armour, claws 3, regeneration 1, shaggy fur 2, tough skin 1,
hooves 1, horns 1, deformed body, fire resistance 1, mutation resistance 1,
poison resistance, robust 1
a: Renounce Religion


You were on level 10 of the Dungeon.
You worshipped Xom.
You were a favourite toy of Xom.
You visited 1 branch of the dungeon, and saw 10 of its levels.
You also visited: Sewer.

You collected 574 gold pieces.
You spent 55 gold pieces at shops.

Inventory:

Hand Weapons
 t - a +0 giant club
 L - a +5 morningstar of freezing (weapon)
 R - a +2 dire flail
Missiles
 h - 6 boomerangs
 u - 5 large rocks
 F - a throwing net
 O - 4 silver javelins
 P - 4 datura-tipped darts
Armour
 b - a +2 robe (worn)
 J - a +2 cloak (worn)
Jewellery
 q - a +4 ring of protection (left claw)
 w - a ring of ice
 Q - an amulet of regeneration (around neck)
 S - a ring of flight (right claw)
Wands
 a - a wand of acid (18)
 m - a wand of polymorph (8)
 v - a wand of mindburst (12)
 y - a wand of roots (4)
 M - a wand of flame (28)
 N - a wand of charming (5)
Scrolls
 d - 2 scrolls of blinking
 k - 3 scrolls of butterflies
 o - a scroll of noise {unknown}
 p - 2 scrolls of vulnerability
 x - a scroll of teleportation
 z - 2 scrolls of magic mapping {unknown}
 A - a scroll of silence
 B - a scroll of fear {unknown}
 D - a scroll of enchant weapon {unknown}
 E - a scroll of acquirement {unknown}
 I - a scroll of enchant armour {unknown}
Potions
 e - 3 potions of lignification
 f - a potion of berserk rage
 g - 3 potions of haste
 i - a potion of resistance {unknown}
 j - 5 potions of curing
 l - 2 potions of attraction
 n - a potion of brilliance
 r - a potion of invisibility
 s - 3 potions of flight
 C - a potion of heal wounds
 G - a potion of ambrosia {unknown}
 H - a potion of cancellation {unknown}
 K - 3 potions of mutation
Miscellaneous
 c - a piece from Xom's chessboard (14/15) (quivered)


   Skills:
 + Level 8.3 Fighting
 * Level 11.1 Maces & Flails
 + Level 0.5 Armour
 - Level 7.2 Dodging


You had 10 spell levels left.
You didn't know any spells.
Your spell library contained the following spells:

 Spells                   Type           Power      Damage    Failure   Level
 Sting                    Tmut/Pois      0%         1d3       41%         1
 Poisonous Vapours        Pois/Air       0%         N/A       54%         2
 Static Discharge         Conj/Air       0%         3-3/arc   54%         2
 Frozen Ramparts          Ice            0%         1d1       78%         3
 Ozocubu's Armour         Ice            0%         N/A       78%         3
 Summon Guardian Golem    Hex/Summ       0%         N/A       78%         3
 Cause Fear               Hex            0%         N/A       99%         4
 Dispel Undead            Necr           0%         3d6       99%         4
 Fulminant Prism          Conj/Hex       0%         3d6       99%         4
 Ice Form                 Ice/Tmut       0%         N/A       99%         4
 Iskenderun's Mystic Bla  Conj/Tloc      0%         2d3       99%         4
 Olgreb's Toxic Radiance  Pois           0%         N/A       99%         4
 Sticky Flame             Conj/Fire      0%         2d3       99%         4
 Summon Ice Beast         Ice/Summ       0%         N/A       99%         4
 Lee's Rapid Deconstruct  Erth           0%         3d5*      100%        5
 Dragon Form              Tmut           0%         N/A       100%        7
 Orb of Destruction       Conj           0%         9d5       100%        7
 Ozocubu's Refrigeration  Ice            0%         4d7       100%        7
 Spellforged Servitor     Conj/Summ      0%         N/A       100%        7
 Dragon's Call            Summ           0%         N/A       100%        9


Dungeon Overview and Level Annotations

Branches:
Dungeon (10/15)            Temple (0/1) D:6            Lair (0/5) D:9
  Sewer (visited)
    Orc: D:9-12

Altars:
Fedhas
Gozag
Hepliaklqana
Ru
Sif Muna
The Shining One

Shops:
D:3 *   D:4 *   D:8 (


Innate Abilities, Weirdness & Mutations

You are too large for most types of armour.
You have claws for hands.
Your natural rate of healing is unusually fast.
You are covered in thick fur. (AC +2)
You have tough skin. (AC +1)
You have large cloven feet.
You have a pair of small horns on your head.
Armour fits poorly on your strangely shaped body.
Your flesh is heat resistant. (rF+)
You are somewhat resistant to further mutation.
Your system is resistant to poisons. (rPois)
You are robust. (+10% HP)


Message History

The centaur closely misses your +0 long sword.
The centaur kicks your +0 long sword but does no damage.
Your +0 long sword hits the orc warrior but does no damage.
Something hits you! x2
The centaur misses something.
The centaur kicks something but does no damage.
Something barely misses the orc warrior.
The centaur completely misses something.
The centaur kicks something.
You thump the orc warrior! You freeze the orc warrior.
Your headbutt misses the orc warrior.
The orc warrior is moderately wounded.
Something hits the centaur!!
The orc warrior barely misses you.
The centaur misses something.
The centaur closely misses something.
Something hits the centaur!
The centaur dies!
You hit the orc warrior but do no damage.
You kick the orc warrior, but do no damage.
The orc warrior is moderately wounded.
Something hits you but does no damage. Something hits you.
The orc warrior hits you but does no damage.
Something hits the orc warrior.
You hit the orc warrior but do no damage.
You kick the orc warrior, but do no damage.
The orc warrior is heavily wounded.
The orc warrior hits you.
Something hits the orc warrior!!
The orc warrior dies!
Something hits you. Something hits you but does no damage.
You thump something! You freeze something. You closely miss something.
Your kick misses something. Something hits you!
* * * LOW HITPOINT WARNING * * *
Something hits you!
* * * LOW HITPOINT WARNING * * *
Unknown command.
Aiming: Corrosive Bolt
Press: ? - help, Shift-Dir - straight line Something hits you!!
* * * LOW HITPOINT WARNING * * *
Something hits you.
You die...

#.............##.#
#.#####.####..##.#####
#.# ##########......
#.# ....... #.#####
#.# ....... ###
######.#####..♣~~♣.
#..........'..~~~~.
............(.)~~~~.
...####....@#..♣~~♣.
## #######......
....... #######


You could see a friendly +0 long sword.

Vanquished Creatures
  A cyclops (D:8)
  A komodo dragon (D:9)
  2 hornets
  3 wraiths (D:9)
  A steam dragon (D:7)
  A chaos spawn (D:5)
  An acid dragon (D:9)
  4 water moccasins
  5 black bears
  2 ice beasts (D:7)
  5 orc warriors
  A sky beast (D:4)
  5 ogres
  4 kobold brigands
  9 bullfrogs
  3 necrophages
  A gnoll sergeant (D:9)
  2 scorpions
  21 wights
  11 killer bees
  2 howler monkeys (D:7)
  3 hounds
  A jelly (D:8)
  8 orc priests
  2 gnoll boudas
  7 orc wizards
  8 iguanas
  15 gnolls
  17 adders
  A shadow imp (D:5)
  2 ufetubi
  2 worms
  2 dart slugs
  36 orcs
  18 ball pythons
  17 endoplasms
  12 giant cockroaches
  4 goblins
  6 hobgoblins
  9 quokkas
  6 bats
  11 frilled lizards
  21 kobolds
  A rat (D:3)
294 creatures vanquished.

Vanquished Creatures (collateral kills)
  An orc warrior (D:10)
  A centaur (D:10)
  A wight (D:8)
  An orc (D:8)
  A hobgoblin (D:2)
  A ball python (D:1)
  2 kobolds
  A rat (D:1)
9 creatures vanquished.

Vanquished Creatures (others)
  A ball python zombie (D:2)
  A kobold zombie (D:1)
  39 plants (D:9)
41 creatures vanquished.

Grand Total: 344 creatures vanquished

Notes
Turn   | Place    | Note
-------+----------+-------------------------------------------
     0 | D:1      | RatsInWalls the Troll Chaos Knight began the quest for the
                  | Orb.
     0 | D:1      | Reached XP level 1. HP: 22/22 MP: 0/0
   213 | D:1      | XOM: smoke on damage
   230 | D:1      | Reached skill level 3 in Maces & Flails
   356 | D:1      | XOM: confuse monster(s)
   359 | D:1      | Reached XP level 2. HP: 24/29 MP: 1/1
   905 | D:2      | XOM: cast spell 'Olgreb's Toxic Radiance'
   910 | D:2      | Reached XP level 3. HP: 36/36 MP: 2/2
   980 | D:2      | XOM: 3-stop teleportation journey
  1205 | D:2      | Found a faded altar of an unknown god.
  1235 | D:2      | XOM: draining
  1476 | D:2      | XOM: summons 3 hostile shadow creatures
  1538 | D:3      | Noticed a necrophage
  1538 | D:3      | Noticed a kobold brigand
  1565 | D:3      | Reached skill level 4 in Maces & Flails
  1598 | D:3      | Reached XP level 4. HP: 39/41 MP: 3/3
  1671 | D:3      | XOM: give mutations
  1671 | D:3      | Gained mutation: You are covered in thick fur. (AC +2)
                  | [Xom's mischief]
  1671 | D:3      | Gained mutation: You are dopey. (Int -2) [Xom's mischief]
  1821 | D:3      | Found a sacrificial altar of Ru.
  1824 | D:3      | Found a blossoming altar of Fedhas.
  1829 | D:3      | Found a shimmering blue altar of Sif Muna.
  1901 | D:3      | Found Ebesh's General Store.
  1920 | D:3      | Bought a potion of heal wounds for 55 gold pieces
  2001 | D:3      | XOM: noise
  2436 | D:4      | Noticed a necrophage
  2446 | D:4      | Reached XP level 5. HP: 51/52 MP: 4/4
  2488 | D:4      | XOM: stat loss: -1 Int (5/6)
  2489 | D:4      | Reached skill level 5 in Maces & Flails
  2492 | D:4      | XOM: give mutation
  2492 | D:4      | Gained mutation: Armour fits poorly on your strangely
                  | shaped body. [Xom's mischief]
  2499 | D:4      | XOM: draining
  2502 | D:4      | Reached XP level 6. HP: 46/58 MP: 5/5
  2572 | D:4      | Noticed a sky beast
  2573 | D:4      | XOM: polymorph hobgoblin -> frilled lizard
  2578 | D:4      | XOM: silly message
  2581 | D:4      | XOM: summons 4 hostile demons
  2582 | D:4      | Noticed a ynoxinul
  2582 | D:4      | Noticed a chaos spawn
  2582 | D:4      | XOM: butterfly on damage
  2658 | D:4      | XOM: noise
  2686 | D:4      | Killed a sky beast
  2799 | D:4      | Reached skill level 6 in Maces & Flails
  2914 | D:4      | Found a glowing golden altar of the Shining One.
  3269 | D:4      | Found Wopuurr's Fire Supplies.
  3340 | D:5      | Entered Level 5 of the Dungeon
  3348 | D:5      | Reached XP level 7. HP: 62/71 MP: 6/6
  3444 | D:5      | Noticed Grinder
  3444 | D:5      | Noticed Grinder
  3444 | D:5      | Grinder changed into Grinder the chaos spawn
  3444 | D:5      | XOM: polymorph Grinder -> Grinder the chaos spawn
  3484 | D:5      | Found a glowing drain.
  3493 | Sewer    | Entered a sewer
  3721 | Sewer    | XOM: potion effect (might)
  3776 | D:5      | Killed Grinder the chaos spawn
  3777 | D:5      | Reached skill level 5 in Fighting
  3844 | D:5      | Reached XP level 8. HP: 38/80 MP: 7/7
  3985 | D:5      | Reached skill level 7 in Maces & Flails
  4260 | D:5      | Found a faded altar of an unknown god.
  4262 | D:5      | Found a hazy altar of Hepliaklqana.
  4735 | D:6      | Noticed a hornet
  4746 | D:6      | XOM: cast spell 'Summon Ice Beast'
  4748 | D:6      | Killed a hornet
  4759 | D:6      | XOM: scenery: summon butterflies
  4770 | D:6      | Found a staircase to the Ecumenical Temple.
  4770 | D:6      | XOM: 1-stop teleportation journey
  4775 | D:6      | Reached XP level 9. HP: 82/89 MP: 8/8
  4802 | D:6      | XOM: cast spell 'Leda's Liquefaction'
  4805 | D:6      | Reached skill level 8 in Maces & Flails
  4810 | D:6      | Reached skill level 5 in Dodging
  5331 | D:7      | XOM: noise
  5434 | D:7      | XOM: noise
  5452 | D:7      | XOM: smoke on damage
  5458 | D:7      | XOM: potion effect (might)
  5461 | D:7      | XOM: polymorph centaur -> iguana
  5527 | D:7      | Reached skill level 9 in Maces & Flails
  5880 | D:7      | XOM: god gift: book of Dangerous Friends
  5924 | D:7      | XOM: give mutations
  5924 | D:7      | Gained mutation: You are somewhat resistant to further
                  | mutation. [Xom's grace]
  5924 | D:7      | Gained mutation: You have large cloven feet. [Xom's grace]
  5924 | D:7      | Gained mutation: Your flesh is heat resistant. (rF+) [Xom's
                  | grace]
  5924 | D:7      | Gained mutation: You have a pair of small horns on your
                  | head. [Xom's grace]
  6142 | D:7      | Reached XP level 10. HP: 77/90 MP: 9/9
  6149 | D:8      | Noticed a cyclops
  6198 | D:8      | Found Elunn's Antique Weapon Shop.
  6216 | D:8      | XOM: confuse monster(s)
  6218 | D:8      | Killed a cyclops
  6227 | D:8      | XOM: cast spell 'Summon Ice Beast'
  6391 | D:8      | XOM: summons friendly iron imp
  6401 | D:8      | XOM: give mutation
  6401 | D:8      | Lost mutation: You are dopey. (Int -2) [Xom's grace]
  6402 | D:8      | Reached skill level 10 in Maces & Flails
  6456 | D:8      | XOM: divination: detect items
  6753 | D:8      | XOM: give mutations
  6753 | D:8      | Gained mutation: You are robust. (+10% HP) [Xom's grace]
  6753 | D:8      | Gained mutation: Your system is resistant to poisons.
                  | (rPois) [Xom's grace]
  6944 | D:9      | XOM: cleaving
  6957 | D:9      | XOM: noise
  7306 | D:9      | Reached skill level 11 in Maces & Flails
  7307 | D:9      | Found a staircase to the Lair.
  7315 | D:9      | XOM: fake destruction
  7319 | D:9      | XOM: destruction
  7395 | D:9      | Reached XP level 11. HP: 106/122 MP: 10/10
  7407 | D:9      | XOM: silly message
  7441 | D:9      | XOM: divination: magic mapping
  7591 | D:10     | Entered Level 10 of the Dungeon
  7627 | D:10     | Found an opulent altar of Gozag.
  7726 | D:10     | Noticed a two-headed ogre
  7740 | D:10     | HP: 4/121 [something (19)]
  7740 | D:10     | Slain by a two-headed ogre

Illustrated notes

Levels and vault maps discovered:
D:1:      minmay_arrival_three_doors, layout_loops_corners, minmay_octomino_j4
D:2:      layout_rooms, shapermc_ecumenical_altar_pompeii, serial_rivers,
          chequers_serial_rivers_micro_a, chequers_serial_rivers_small_b,
          chequers_serial_rivers_micro_a, chequers_serial_rivers_micro_b,
          chequers_serial_rivers_micro_b, item_on_display_a
D:3:      layout_loops_corners, grunt_temple_overflow_diamond, serial_shops,
          shop, minivault_27, minmay_tree_intersection, lightli_corner_chamber
D:4:      layout_loops_cross, mainiacjoe_overflow_tiny_flanked,
          nicolae_shop_fire_sale [nicolae_sub_dead_trees], grunt_ministairs_6
D:5:      layout_basic, beargit_hepliaklqana_dungeon_heroes,
          portal_sewer_entry_d, minmay_door_square, grunt_decor_one_mirror,
          uniq_grinder
D:6:      layout_rooms, minmay_temple_entry_slanted
D:7:      minmay_s_stair_smasher, layout_basic
D:8:      layout_rooms, serial_shops, nicolae_stop_n_shop_2, hex_large,
          minmay_manual_monstrance
D:9:      layout_loops_cross, david_lair_shrubbed
D:10:     layout_loops_ring, grunt_gozag_statues, kennysheep_generic_room_6

Skill      XL: |  1  2  3  4  5  6  7  8  9 10 |
---------------+-------------------------------+-----
Maces & Flails | 3 4 5 6 7 9 11 | 11.1
Fighting       | 3 4 5 6 7 8 |  8.3
Dodging        | 2 3 4 6 7 |  7.2
Armour         | |  0.5

Action                   |  1- 3 |  4- 6 |  7- 9 | 10-12 || total
-------------------------+-------+-------+-------+-------++-------
Melee: Mace              |   104 |   143 |   447 |       ||   694
       Punch             |       |     2 |     1 |     2 ||     5
       Headbutt          |       |       |     8 |    30 ||    38
       Kick              |       |       |     6 |    48 ||    54
       Morningstar       |       |       |       |   203 ||   203
Evoke: Piece from Xom's  |       |     3 |     2 |     1 ||     6
       Wand              |       |       |     1 |     1 ||     2
  Use: Scroll            |     3 |     8 |     3 |     2 ||    16
       Potion            |       |     1 |     1 |       ||     2
 Stab: Petrified         |       |       |     7 |       ||     7
       Petrifying        |       |       |     1 |       ||     1
       Confused          |       |       |       |     2 ||     2
Armor: Robe              |    72 |    66 |   295 |    80 ||   513
       Skin              |       |     4 |       |       ||     4
Dodge: Dodged            |    62 |    68 |   289 |    90 ||   509
